 Dungeon Crawl Stone Soup version 0.24.0-1-gfbc8707 (webtiles) character file.

Game seed: 9701749381895944611, levelgen mode: deterministic

48 Buxparty the Poker (level 3, -2/28 HPs)
             Began as a Mummy Gladiator on Jan 8, 2020.
             Slain by Sigmund
             ... wielding a +0 scythe
              (6 damage)
             ... on level 2 of the Dungeon.
             The game lasted 00:03:13 (1341 turns).

Buxparty the Poker (Mummy Gladiator)                Turns: 1341, Time: 00:03:13

Health: -2/28      AC:  4    Str: 18    XL:     3   Next: 50%
Magic:  3/3        EV: 12    Int:  7    God:
Gold:   40         SH:  0    Dex: 13    Spells: 2/2 levels left

rFire    x . .     SeeInvis .   a - +0 trident
rCold    + . .     Gourm    .   (no shield)
rNeg     + + +     Faith    .   b - +0 leather armour
rPois    ∞         Spirit   .   c - +0 helmet
rElec    .         Reflect  .   (no cloak)
rCorr    .         Harm     .   (no gloves)
MR       .....                  (no boots)
Stlth    +.........             (no amulet)
HPRegen  0.09/turn              (no ring)
MPRegen  0.08/turn              (no ring)

@: no status effects
A: no food or potions, fire vulnerability, cold resistance 1, negative energy
resistance 3, torment resistance, unbreathing
a: no special abilities


You were on level 2 of the Dungeon.
You were not hungry.

You visited 1 branch of the dungeon, and saw 2 of its levels.

You collected 40 gold pieces.

Inventory:

Hand Weapons
 a - a +0 trident (weapon)
Missiles
 d - 3 throwing nets (quivered)
Armour
 b - a +0 leather armour (worn)
 c - a +0 helmet (worn)
 e - a +0 chain mail
Scrolls
 g - a scroll of fog {unknown}
 h - a scroll of remove curse
 i - a scroll of immolation {unknown}
 j - a scroll of blinking {unknown}


   Skills:
 + Level 2.7 Fighting
 * Level 3.4 Polearms
 - Level 1.5 Throwing
 - Level 2.4 Dodging


You had 2 spell levels left.
You didn't know any spells.
Your spell library was empty.

Dungeon Overview and Level Annotations

Branches:
Dungeon (2/15)

Altars:

Annotations:
D:2 Sigmund


Innate Abilities, Weirdness & Mutations

You do not eat or drink.
Your flesh is vulnerable to fire.
You are immune to poison.
Your flesh is cold resistant. (rC+)
You are immune to negative energy. (rN+++)
You are immune to unholy pain and torment.
You can survive without breathing.


Message History

You hear some strange, mumbled words.
Something tries to affect you, but you resist.
Attack whom?
Press: ? - help, Dir - move target cursor You reach to attack!
You hit something. Something hits you.
* * * LOW HITPOINT WARNING * * *
Attack whom?
Press: ? - help, Dir - move target cursor You reach to attack!
You closely miss something. Something hits you.
* * * LOW HITPOINT WARNING * * *
Attack whom?
Press: ? - help, Dir - move target cursor You reach to attack!
You closely miss something.
Attack whom?
Press: ? - help, Dir - move target cursor You reach to attack!
You miss something.
You hear some strange, mumbled words.
Something tries to affect you, but you resist.
Something hits you.
You die...

##########
#..{..#..# #@#..#
#.#..############
#.#......†......##
#.#...#########...
#.#.#...# #...
#.#.#...##### #...
#.#.#.......#####.##
#.#.#..####.##......
#.#.#..# #.##......


There were no monsters in sight!

Vanquished Creatures
  A dart slug (D:2)
  2 leopard geckos
  A ball python (D:1)
  5 giant cockroaches (D:1)
  6 goblins
  5 hobgoblins
  A jackal (D:1)
  A quokka (D:1)
  A bat (D:1)
  10 frilled lizards
  4 kobolds
  6 rats (D:1)
43 creatures vanquished.

Notes
Turn   | Place    | Note
-------+----------+-------------------------------------------
     0 | D:1      | Buxparty the Mummy Gladiator began the quest for the Orb.
     0 | D:1      | Reached XP level 1. HP: 16/16 MP: 1/1
    51 | D:1      | Reached XP level 2. HP: 22/22 MP: 2/2
   413 | D:1      | Reached skill level 3 in Polearms
   898 | D:2      | Reached XP level 3. HP: 28/28 MP: 3/3
  1330 | D:2      | Noticed Sigmund
  1341 | D:2      | Slain by Sigmund

Levels and vault maps discovered:
D:1:      onia_arrival_larder, layout_basic, serial_co_window_serial,
          co_window_paths_a, co_window_corner_a, co_window_paths_a,
          co_window_paths_b, co_window_corner_a, co_window_paths_b,
          co_window_cross_1, co_window_corner_b, co_window_unsneaky_path_e,
          co_window_of_opportunity_b, co_window_corner_b, co_window_4corner_b,
          co_window_paths_e, glass_columns_a, glass_columns_b, glass_columns_a,
          minmay_pentomino_v4
D:2:      layout_basic, minivault_25, minmay_lizard_pond, uniq_sigmund

Skill      XL: |  1  2 |
---------------+-------+-----
Polearms       | 3 |  3.4
Fighting       | |  2.7
Throwing       | |  1.5
Dodging        | |  2.4

Action                   || total
-------------------------++-------
Melee: Trident           ||   139
  Use: Scroll            ||     2
 Stab: Sleeping          ||     2
Armor: Leather armour    ||    33
Dodge: Dodged            ||    70
